 Dungeon Crawl Stone Soup version 0.28.0-53-g5a82cb258f (webtiles) character file.

Game seed: 11314078772059577758

44 jamesp the Sneak (level 3, -1/18 HPs)
             Began as a Vine Stalker Brigand on Aug 1, 2022.
             Slain by Terence
             ... wielding a +0 flail
              (4 damage)
             ... on level 2 of the Dungeon.
             The game lasted 00:05:05 (1226 turns).

jamesp the Sneak (Vine Stalker Brigand)             Turns: 1226, Time: 00:05:05

Health: -1/18      AC:  3    Str: 13    XL:     3   Next: 60%
Magic:  0/4        EV: 12    Int: 13    God:
Gold:   35         SH:  0    Dex: 15    Spells: 2/2 levels left

rFire   . . .      SeeInvis .   a - +2 dagger
rCold   . . .      Faith    .   (no shield)
rNeg    . . .      Spirit   +   b - +0 robe
rPois   .          Reflect  .   (no helmet)
rElec   .          Harm     .   c - +0 cloak
rCorr   .          Rampage  .   (no gloves)
Will    .....                   (no boots)
Stlth   +++.......              (no amulet)
HPRegen 0.06/turn               (no ring)
MPRegen 0.09/turn               (no ring)

@: no status effects
A: fangs 2, magic shield, antimagic bite, no potion heal 2
a: no special abilities


You were on level 2 of the Dungeon.
You visited 1 branch of the dungeon, and saw 2 of its levels.

You collected 35 gold pieces.

Inventory:

Hand Weapons
 a - a +2 dagger (weapon)
Missiles
 d - 10 poisoned darts (quivered)
 e - 2 curare-tipped darts
 f - 75 stones
 i - 3 atropa-tipped darts
Armour
 b - a +0 robe (worn)
 c - a +0 cloak (worn)
Scrolls
 g - a scroll of identify {unknown}
 k - a scroll of torment {unknown}
Potions
 h - 4 potions of curing {unknown}
 j - a potion of heal wounds {unknown}


   Skills:
 - Level 1.7 Fighting
 + Level 2.4 Short Blades
 + Level 2.4 Throwing
 + Level 1.6 Dodging
 - Level 4.8 Stealth


You had 2 spell levels left.
You didn't know any spells.
Your spell library contained the following spells:

 Spells                   Type           Power      Damage    Failure   Level
 Malign Gateway           Summ/Tloc      0%         N/A       100%        7
 Summon Horrible Things   Summ           0%         N/A       100%        8


Dungeon Overview and Level Annotations

Branches:
Dungeon (2/15)

Altars:

Annotations:
D:2 Robin, Terence


Innate Abilities, Weirdness & Mutations

You have extremely sharp teeth.
When hurt, damage is shared between your health and your magic reserves.
Your bite disrupts and absorbs the magic of your enemies.
Potions cannot restore your health.


Message History

Press: ? - help, Q - select action, (/) - cycle Shift-Dir - straight line, f/p - Terence
Aim: Terence, wielding a +0 flail and wearing a +0 ring mail (63% to hit)
You throw a poisoned dart. The poisoned dart hits Terence.
Terence is poisoned.
You hit Terence. Your bite misses Terence.
Terence is lightly wounded.
Terence barely misses you.
You hit Terence but do no damage. You bite Terence, but do no damage.
Terence is lightly wounded.
Terence barely misses you.
You barely miss Terence.
Terence is lightly wounded.
Terence completely misses you.
You closely miss Terence. You bite Terence, but do no damage.
Terence is lightly wounded.
You barely miss Terence. Your bite misses Terence.
Terence is lightly wounded.
Terence barely misses you.
You closely miss Terence. You bite Terence, but do no damage.
Terence is moderately wounded.
Terence hits you with a +0 flail!
You hit Terence but do no damage.
Terence is moderately wounded.
Terence looks more healthy.
Terence hits you with a +0 flail.
You hit Terence but do no damage.
Terence is moderately wounded.
Terence hits you with a +0 flail.
Throw: 12 darts (poison)
Press: ? - help, Q - select action, (/) - cycle Shift-Dir - straight line, f/p - Terence
Aim: Terence, wielding a +0 flail and wearing a +0 ring mail (moderately wounded, 63% to hit)
You throw a poisoned dart. The poisoned dart hits Terence.
Terence is poisoned.
Terence is moderately wounded.
Terence hits you with a +0 flail.
* * * LOW HITPOINT WARNING * * *
Throw: 11 darts (poison)
Press: ? - help, Q - select action, (/) - cycle Shift-Dir - straight line, f/p - Terence
Aim: Terence, wielding a +0 flail and wearing a +0 ring mail (moderately wounded, poisoned, 63% to hit)
You throw a poisoned dart.
The poisoned dart barely misses Terence.
Terence hits you with a +0 flail.
You die...

##+# # # .
# ... . #.
.. # .. ..
#####.#####
. ##
(....(@@.)#
#.#.
......#.#.#
#####.#.
..... ...
.. ........
.... .####
.# ######.
.## .. #
####### #.
.. #.....#
#. #..
#.....####
#.
#.........
#.....##..


You could see Terence (poisoned).

Vanquished Creatures
  A dart slug (D:1)
  2 ball pythons (D:1)
  2 endoplasms
  4 giant cockroaches
  5 goblins (D:2)
  6 hobgoblins
  4 jackals (D:1)
  A quokka (D:1)
  A bat (D:1)
  3 frilled lizards
  5 kobolds
34 creatures vanquished.

Notes
Turn   | Place    | Note
-------+----------+-------------------------------------------
     0 | D:1      | jamesp the Vine Stalker Brigand began the quest for the
                  | Orb.
     0 | D:1      | Reached XP level 1. HP: 11/11 MP: 2/2
   154 | D:1      | Reached skill level 1 in Dodging
   157 | D:1      | Reached XP level 2. HP: 14/15 MP: 3/3
   547 | D:1      | Found a faded altar of an unknown god.
   557 | D:1      | Reached XP level 3. HP: 18/18 MP: 4/4
   875 | D:2      | Noticed Robin
  1214 | D:2      | Noticed Terence
  1226 | D:2      | Slain by Terence

Illustrated notes

Levels and vault maps discovered:
D:1:      dpeg_arrival_round_a, layout_basic,
          hellmonk_ecumenical_altar_pennies_from_heaven,
          minmay_misc_feat_encased, dk_noncrumbling_4
D:2:      layout_basic, uniq_terence, uniq_robin

Skill      XL: |  1 |
---------------+----+-----
Short Blades   | 2 |  2.4
Throwing       | 2 |  2.4
Dodging        | 1 |  1.6
Fighting       | |  1.7
Stealth        | |  4.8

Action                   || total
-------------------------++-------
Melee: Dagger            ||    88
       Bite              ||    18
       Punch             ||     1
Throw: Dart              ||     4
 Stab: Sleeping          ||     6
       Distracted        ||     1
Armor: Robe              ||    17
Dodge: Dodged            ||    48
